AoeStats
← VENÓN | Voy La Darkstorm

Arabia

509279536Analyzed
1v1 RM · 5d ago on Sep 26, 2026· 54m 1s· 2 players
Game mode
Random Map
Map size
Tiny (2 player)
Population
200
Speed
Normal
Resources
Standard
Victory
Conquest
Starting age
Dark Age
Ending age
Imperial Age
RankedLock teamsTeams togetherTeam positionsShared explorationLock speedFull tech treeHidden civsTurbo modeCheats
Victory
Defeat
1775
+18
🇸🇬 Franks · Singapore
1820
-18
VENÓN | Voy La Darkstorm
6:38 Loom
8:56 Feudal Age
9:02 Man-at-Arms
19:13 Castle Age
17:23 Horse Collar
18:11 Gold Mining
18:44 Scale Barding Armor
19:28 Bloodlines
24:06 Town Watch
25:17 Fletching
26:50 Bodkin Arrow
30:31 Wheelbarrow
31:11 Husbandry
30:49 Elite Skirmisher
31:43 Padded Archer Armor
34:02 Ballistics
42:20 Imperial Age
41:16 Stone Mining
41:51 Pikeman
42:31 Squires
42:17 Arson
42:31 Halberdier
42:53 Light Cavalry
43:45 Forging
43:56 Chain Barding Armor
45:33 Conscription
47:09 Chemistry
47:01 Hussar
47:57 Hand Cart
48:21 Iron Casting
49:01 Parthian Tactics
49:12 Bracer
49:10 Heavy Cavalry Archer
52:11 Blast Furnace
51:47 Plate Barding Armor
51:26 Masonry
54:47 Gold Shaft Mining
pica
8:10 Feudal Age
8:40 Double-Bit Axe
13:42 Fletching
14:00 Loom
16:37 Wheelbarrow
21:26 Castle Age
20:10 Gold Mining
20:43 Padded Archer Armor
22:40 Bodkin Arrow
23:40 Husbandry
26:45 Ballistics
27:20 Town Watch
29:11 Bow Saw
32:33 Leather Archer Armor
39:32 Scale Barding Armor
41:09 Chain Barding Armor
44:46 Gold Shaft Mining
47:18 Imperial Age
44:52 Man-at-Arms
45:18 Gambesons
45:53 Scale Mail Armor
46:22 Squires
46:30 Long Swordsman
47:20 Forging
47:26 Chain Mail Armor
47:21 Two-Handed Swordsman
49:05 Plate Mail Armor
51:42 Champion
52:28 Arson
Connection lost

Rejoining the realm…

Still unreachable

The connection could not be restored.

Session expired

The server has moved on; the page needs a fresh start.